TOP OF THE 1ST |
West Virginia Power batting - Pitching for Fort Wayne TinCaps : RHP Liam Tate
|
Pitching: RHP Liam Tate
|
|
Batting: RHB Melvin Durland
|
0-0: Ball 1-0: Ground out 1-3 (Groundball, 15S, EV 68.8 MPH)
|
Batting: RHB Chris McCoy
|
0-0: Ball 1-0: Ball 2-0: Ground out 6-3 (Groundball, 6, EV 102.5 MPH)
|
Batting: RHB Alain Marquet
|
0-0: Foul Ball, location: 2F 0-1: Ball 1-1: Swinging Strike 1-2: Strikes out swinging
|
Top of the 1st over - 0 runs, 0 hits, 0 errors, 0 left on base; West Virginia 0 - Fort Wayne 0 |
BOTTOM OF THE 1ST |
Fort Wayne TinCaps batting - Pitching for West Virginia Power : RHP Kyle Davis
|
Pitching: RHP Kyle Davis
|
|
Batting: SHB Detlef Oursler
|
0-0: Ground out 6-3 (Groundball, 4M, EV 96.2 MPH)
|
Batting: LHB Tony Contreras
|
0-0: Ball 1-0: Ball 2-0: Foul Ball, location: 2F 2-1: Foul Ball, location: 2F 2-2: DOUBLE (Line Drive, 89D, EV 99.4 MPH)
|
Batting: LHB Sean Trueblood
|
0-0: Ball 1-0: Swinging Strike 1-1: Swinging Strike 1-2: Ball 2-2: Strikes out swinging
|
Batting: RHB Dave Cordero
|
0-0: Ball 1-0: Swinging Strike 1-1: Called Strike 1-2: Foul Ball, location: 2F 1-2: Strikes out looking
|
Bottom of the 1st over - 0 runs, 1 hit, 0 errors, 1 left on base; West Virginia 0 - Fort Wayne 0 |
TOP OF THE 2ND |
West Virginia Power batting - Pitching for Fort Wayne TinCaps : RHP Liam Tate
|
Batting: LHB Joe Wise
|
0-0: Ball 1-0: Foul Ball, location: 2F 1-1: SINGLE (Groundball, 3D, EV 106.2 MPH)
|
Batting: RHB Terry Sutherland
|
0-0: Foul Ball, location: 2F 0-1: Grounds out, U3 (Groundball, 3L, EV 88.8 MPH)
|
Batting: LHB Brandon Sarni
|
0-0: Called Strike 0-1: Foul Ball, location: 2F 0-2: Ball 1-2: Strikes out swinging
|
Batting: RHB Chris Beckham
|
0-0: Ball 1-0: Ball 2-0: Called Strike 2-1: Called Strike 2-2: Foul Ball, location: 2F 2-2: DOUBLE (Flyball, 8LXD, EV 108.8 MPH) Joe Wise scores
|
Batting: RHB Perry Dominey
|
0-0: Ball 1-0: Foul Ball, location: 2F 1-1: Foul Ball, location: 2F 1-2: Ball 2-2: Ball 3-2: Ground out 6-3 (Groundball, 6, EV 88.1 MPH)
|
Top of the 2nd over - 1 run, 2 hits, 0 errors, 1 left on base; West Virginia 1 - Fort Wayne 0 |
BOTTOM OF THE 2ND |
Fort Wayne TinCaps batting - Pitching for West Virginia Power : RHP Kyle Davis
|
Batting: LHB Justin Alworth
|
0-0: Foul Ball, location: 2F 0-1: Ball 1-1: Called Strike 1-2: Ground out 4-3 (Groundball, 4MS, EV 68.1 MPH)
|
Batting: LHB Javy Portela
|
0-0: Called Strike 0-1: Called Strike 0-2: Strikes out swinging
|
Batting: RHB Brian Klinkner
|
0-0: Ball 1-0: Foul Ball, location: 2F 1-1: SINGLE (Groundball, 6, EV 102.5 MPH)
|
Batting: RHB Adrian Cook
|
0-0: Ball 1-0: Ground out U3 (Groundball, 3L, EV 100.6 MPH)
|
Bottom of the 2nd over - 0 runs, 1 hit, 0 errors, 1 left on base; West Virginia 1 - Fort Wayne 0 |
TOP OF THE 3RD |
West Virginia Power batting - Pitching for Fort Wayne TinCaps : RHP Liam Tate
|
Batting: RHB John Goynes
|
0-0: Foul Ball, location: 2F 0-1: Ball 1-1: Ball 2-1: Ground out 2-3 (Groundball, 2R, EV 61.9 MPH)
|
Batting: RHB Melvin Durland
|
0-0: Called Strike 0-1: Ball 1-1: Ball 2-1: SINGLE (Flyball, 8LS, EV 90.0 MPH)
|
Batting: RHB Chris McCoy
|
0-0: Ball 1-0: Called Strike Melvin Durland steals 2nd base 1-1: Called Strike 1-2: Ball 2-2: Ball 3-2: SINGLE (Groundball, 6D, EV 100.0 MPH) Melvin Durland to third Runner from 3rd tries for Home, SAFE, throw by LF to home
|
Batting: RHB Alain Marquet
|
0-0: Ball Chris McCoy is caught stealing 2nd base 2-4 1-0: Swinging Strike 1-1: Foul Ball, location: 2F 1-2: Ball 2-2: Ball 3-2: Ground out 4-3 (Groundball, 6MS, EV 86.2 MPH)
|
Top of the 3rd over - 1 run, 2 hits, 0 errors, 0 left on base; West Virginia 2 - Fort Wayne 0 |
BOTTOM OF THE 3RD |
Fort Wayne TinCaps batting - Pitching for West Virginia Power : RHP Kyle Davis
|
Batting: RHB Ricky Trejo
|
0-0: Swinging Strike 0-1: Foul Ball, location: 2F 0-2: Ball 1-2: Ball 2-2: SINGLE (Groundball, 4D, EV 96.2 MPH)
|
Batting: SHB Detlef Oursler
|
0-0: Ball 1-0: Ball 2-0: Ball 3-0: Base on Balls Ricky Trejo to second
|
Batting: LHB Tony Contreras
|
0-0: Ball 1-0: Called Strike 1-1: Fielders Choice at 2nd, 6-4 (Groundball, 56, EV 84.4 MPH) Ricky Trejo to third
|
Batting: LHB Sean Trueblood
|
0-0: Swinging Strike 0-1: Hit by Pitch Tony Contreras to second
|
Batting: RHB Dave Cordero
|
0-0: Called Strike 0-1: Foul Ball, location: 2F 0-2: DOUBLE (Line Drive, 89XD, EV 101.2 MPH) Ricky Trejo scores Tony Contreras scores Sean Trueblood to third
|
Batting: LHB Justin Alworth
|
0-0: SINGLE (Groundball, 6, EV 106.9 MPH) Sean Trueblood scores Dave Cordero to third Runner from 3rd tries for Home, throw by CF and OUT! 8-2
|
Batting: LHB Javy Portela
|
0-0: Ball 1-0: Swinging Strike 1-1: Swinging Strike 1-2: Strikes out swinging
|
Bottom of the 3rd over - 3 runs, 3 hits, 0 errors, 1 left on base; West Virginia 2 - Fort Wayne 3 |
TOP OF THE 4TH |
West Virginia Power batting - Pitching for Fort Wayne TinCaps : RHP Liam Tate
|
Batting: LHB Joe Wise
|
0-0: Ball 1-0: Called Strike 1-1: Ball 2-1: Ball 3-1: Called Strike 3-2: Foul Ball, location: 2F 3-2: Ground out 3-1 (Groundball, 34S, EV 81.2 MPH)
|
Batting: RHB Terry Sutherland
|
0-0: Ball 1-0: Ball 2-0: Swinging Strike 2-1: Ground out 4-3 (Groundball, 4, EV 78.1 MPH)
|
Batting: LHB Brandon Sarni
|
0-0: Ball 1-0: Foul Ball, location: 2F 1-1: Ball 2-1: Ground out U3 (Groundball, 34, EV 106.9 MPH)
|
Top of the 4th over - 0 runs, 0 hits, 0 errors, 0 left on base; West Virginia 2 - Fort Wayne 3 |
BOTTOM OF THE 4TH |
Fort Wayne TinCaps batting - Pitching for West Virginia Power : RHP Kyle Davis
|
Batting: RHB Brian Klinkner
|
0-0: Reached on error, E1 (Groundball, 34S, EV 71.9 MPH)
|
Batting: RHB Adrian Cook
|
0-0: Ball 1-0: Ball 2-0: Foul Ball, location: 2F 2-1: Foul Ball, location: 2F 2-2: Fielders Choice at 2nd, 6-4 (Groundball, 6, EV 79.4 MPH)
|
Batting: RHB Ricky Trejo
|
0-0: Fielders Choice at 2nd, 6-4 (Groundball, 6MD, EV 102.5 MPH)
|
Batting: SHB Detlef Oursler
|
0-0: Called Strike 0-1: Foul Ball, location: 2F 0-2: Ball 1-2: Ball Ricky Trejo steals 2nd base 2-2: Ball 3-2: Strikes out swinging
|
Bottom of the 4th over - 0 runs, 0 hits, 1 error, 1 left on base; West Virginia 2 - Fort Wayne 3 |
TOP OF THE 5TH |
West Virginia Power batting - Pitching for Fort Wayne TinCaps : RHP Liam Tate
|
Batting: RHB Chris Beckham
|
0-0: Ball 1-0: Ball 2-0: Foul Ball, location: 2F 2-1: Foul Ball, location: 2F 2-2: Foul Ball, location: 2F 2-2: Ground out 6-3 (Groundball, 6M, EV 81.2 MPH)
|
Batting: RHB Perry Dominey
|
0-0: Foul Ball, location: 2F 0-1: Ball 1-1: Ball 2-1: Foul Ball, location: 2F 2-2: Ball 3-2: Ground out 1-3 (Groundball, 15S, EV 66.9 MPH)
|
Batting: RHB John Goynes
|
0-0: Ball 1-0: Ball 2-0: Called Strike 2-1: Foul Ball, location: 2F 2-2: Foul Ball, location: 2F 2-2: Foul Ball, location: 2F 2-2: Ground out 6-3 (Groundball, 56D, EV 83.8 MPH)
|
Top of the 5th over - 0 runs, 0 hits, 0 errors, 0 left on base; West Virginia 2 - Fort Wayne 3 |
BOTTOM OF THE 5TH |
Fort Wayne TinCaps batting - Pitching for West Virginia Power : RHP Kyle Davis
|
Batting: LHB Tony Contreras
|
0-0: Ball 1-0: Ball 2-0: Fly out, F6 (Line Drive, 6, EV 67.5 MPH)
|
Batting: LHB Sean Trueblood
|
0-0: Ground out 6-3 (Groundball, 56, EV 81.9 MPH)
|
Batting: RHB Dave Cordero
|
0-0: Ball 1-0: Ball 2-0: Ball 3-0: Called Strike 3-1: Called Strike 3-2: Foul Ball, location: 2F 3-2: DOUBLE (Line Drive, 7LS, EV 91.9 MPH)
|
Batting: LHB Justin Alworth
|
0-0: Ball 1-0: Swinging Strike 1-1: Ball 2-1: SINGLE (Flyball, 9LS, EV 94.4 MPH) Dave Cordero to third Runner from 3rd tries for Home, throw by RF and OUT! 9-2
|
Bottom of the 5th over - 0 runs, 2 hits, 0 errors, 1 left on base; West Virginia 2 - Fort Wayne 3 |
TOP OF THE 6TH |
West Virginia Power batting - Pitching for Fort Wayne TinCaps : RHP Liam Tate
|
Batting: RHB Melvin Durland
|
0-0: Ball 1-0: SINGLE (Flyball, 5D, EV 89.4 MPH)
|
Pitching: RHP Jaylen Johnson
|
|
Batting: RHB Chris McCoy
|
0-0: Ball 1-0: Foul Ball, location: 2F 1-1: Grounds into double play, 4-6-3 (Groundball, 4, EV 83.1 MPH)
|
Batting: RHB Alain Marquet
|
0-0: Ball 1-0: Foul Ball, location: 2F 1-1: Swinging Strike 1-2: Strikes out looking
|
Top of the 6th over - 0 runs, 1 hit, 0 errors, 0 left on base; West Virginia 2 - Fort Wayne 3 |
BOTTOM OF THE 6TH |
Fort Wayne TinCaps batting - Pitching for West Virginia Power : RHP Kyle Davis
|
Batting: LHB Javy Portela
|
0-0: Foul Ball, location: 2F 0-1: Swinging Strike 0-2: Strikes out looking
|
Batting: RHB Brian Klinkner
|
0-0: SINGLE (Flyball, 8LS, EV 84.4 MPH)
|
Batting: RHB Adrian Cook
|
0-0: Ball 1-0: Called Strike 1-1: Foul Ball, location: 2F 1-2: Fly out, F9 (Flyball, 9, EV 84.4 MPH)
|
Batting: RHB Ricky Trejo
|
0-0: Called Strike 0-1: Foul Ball, location: 2F 0-2: Fielders Choice at 2nd, 6-4 (Groundball, 6, EV 98.8 MPH)
|
Bottom of the 6th over - 0 runs, 1 hit, 0 errors, 1 left on base; West Virginia 2 - Fort Wayne 3 |
TOP OF THE 7TH |
West Virginia Power batting - Pitching for Fort Wayne TinCaps : RHP Jaylen Johnson
|
Batting: LHB Joe Wise
|
0-0: Ball 1-0: Foul Ball, location: 2F 1-1: Ground out 5-3 (Groundball, 56, EV 83.1 MPH)
|
Batting: RHB Terry Sutherland
|
0-0: Ball 1-0: Ground out U3 (Groundball, 34S, EV 77.5 MPH)
|
Batting: LHB Brandon Sarni
|
0-0: Hit by Pitch
|
Batting: RHB Chris Beckham
|
0-0: Fielders Choice at 2nd, 6-4 (Groundball, 6, EV 91.2 MPH)
|
Top of the 7th over - 0 runs, 0 hits, 0 errors, 1 left on base; West Virginia 2 - Fort Wayne 3 |
BOTTOM OF THE 7TH |
Fort Wayne TinCaps batting - Pitching for West Virginia Power : RHP Kyle Davis
|
Batting: SHB Detlef Oursler
|
0-0: Fly out, F3 (Popup, 3, EV 65.6 MPH)
|
Pitching: RHP James Cornette
|
|
Batting: LHB Tony Contreras
|
0-0: Ball 1-0: Ground out 5-3 (Groundball, 5S, EV 64.4 MPH)
|
Batting: LHB Sean Trueblood
|
0-0: Called Strike 0-1: Ground out 2-3 (Groundball, 15S, EV 68.1 MPH)
|
Bottom of the 7th over - 0 runs, 0 hits, 0 errors, 0 left on base; West Virginia 2 - Fort Wayne 3 |
TOP OF THE 8TH |
West Virginia Power batting - Pitching for Fort Wayne TinCaps : RHP Jaylen Johnson
|
Pitching: RHP Phil Holmes
|
|
Batting: RHB Perry Dominey
|
0-0: Ball 1-0: Ground out 5-3 (Groundball, 56S, EV 89.4 MPH)
|
Batting: RHB John Goynes
|
0-0: Swinging Strike 0-1: Ball 1-1: Ball 2-1: Foul Ball, location: 2F 2-2: Strikes out swinging
|
Batting: RHB Melvin Durland
|
0-0: Ball 1-0: Swinging Strike 1-1: Called Strike 1-2: Foul Ball, location: 2F 1-2: Ball 2-2: Fly out, F6 (Popup, 6MD, EV 48.1 MPH)
|
Top of the 8th over - 0 runs, 0 hits, 0 errors, 0 left on base; West Virginia 2 - Fort Wayne 3 |
BOTTOM OF THE 8TH |
Fort Wayne TinCaps batting - Pitching for West Virginia Power : RHP James Cornette
|
Batting: RHB Dave Cordero
|
0-0: Reached on error, E5 (Groundball, 56, EV 108.1 MPH)
|
Batting: LHB Justin Alworth
|
0-0: Swinging Strike 0-1: Ball 1-1: Ball 2-1: Ball 3-1: Swinging Strike 3-2: Strikes out looking
|
Batting: LHB Javy Portela
|
0-0: Grounds into double play, 4-6-3 (Groundball, 4, EV 79.4 MPH)
|
Bottom of the 8th over - 0 runs, 0 hits, 1 error, 0 left on base; West Virginia 2 - Fort Wayne 3 |
TOP OF THE 9TH |
West Virginia Power batting - Pitching for Fort Wayne TinCaps : RHP Phil Holmes
|
Pitching: RHP Jose Ramos
|
|
Now at 1B: Marcus Dawson
|
|
Now at 2B: Cesar Arteaga
|
|
Batting: RHB Chris McCoy
|
0-0: Swinging Strike 0-1: Called Strike 0-2: Ball 1-2: Strikes out swinging
|
Batting: RHB Alain Marquet
|
0-0: Ground out 4-3 (Groundball, 4, EV 78.8 MPH)
|
Batting: LHB Joe Wise
|
0-0: Ball 1-0: Called Strike 1-1: Foul Ball, location: 2F 1-2: Ball 2-2: Strikes out swinging
|
Top of the 9th over - 0 runs, 0 hits, 0 errors, 0 left on base; West Virginia 2 - Fort Wayne 3 |
|